 Dungeon Crawl Stone Soup version 0.22.1-2-g9c5b331383 (webtiles) character file.

674 Peloso the Slasher (level 7, -10/61 HPs)
             Began as a Minotaur Fighter on Nov 16, 2018.
             Was a Believer of Okawaru.
             Engulfed by an orc wizard's steam (14 damage)
             ... on level 5 of the Dungeon.
             The game lasted 00:07:11 (3261 turns).

Peloso the Slasher (Minotaur Fighter)               Turns: 3261, Time: 00:07:12

Health: -10/61     AC:  9    Str: 26    XL:     7   Next: 33%
Magic:  6/6        EV: 10    Int:  5    God:    Okawaru [**....]
Gold:   162        SH: 10    Dex: 11    Spells: 6/6 levels left

rFire    x . .     SeeInvis .   a - +0 long sword
rCold    + . .     Gourm    +   c - +0 shield
rNeg     . . .     Faith    .   A - +0 chain mail
rPois    .         Spirit   .   (helmet restricted)
rElec    .         Reflect  .   (no cloak)
rCorr    .         Harm     .   (no gloves)
MR       .....                  (no boots)
Stlth    ..........             s - amulet of the gourmand
HPRegen  0.20/turn              x - ring of ice
MPRegen  0.10/turn              n - +3 ring of evasion

@: mighty, very slow
A: retaliatory headbutt, horns 2
a: Heroism, Renounce Religion


You were on level 5 of the Dungeon.
You worshipped Okawaru.
Okawaru was pleased with you.
You were completely stuffed.

You visited 1 branch of the dungeon, and saw 5 of its levels.

You collected 162 gold pieces.

Inventory:

Hand Weapons
 a - a +0 long sword (weapon)
Armour
 b - a +0 scale mail
 c - a +0 shield (worn)
 A - a +0 chain mail (worn)
Jewellery
 h - an uncursed ring of magical power
 n - a +3 ring of evasion (right hand)
 p - an uncursed amulet of harm
 s - an amulet of the gourmand (around neck)
 x - a ring of ice (left hand)
Wands
 y - a wand of iceblast (6)
Scrolls
 g - 2 scrolls of remove curse {unknown}
 i - 2 scrolls of teleportation {unknown}
 j - 2 scrolls of fear {unknown}
 k - 2 scrolls of immolation {unknown}
 l - a scroll of enchant weapon {unknown}
 o - a scroll of blinking {unknown}
 q - 2 scrolls of identify {unknown}
 r - a scroll of magic mapping {unknown}
 t - a scroll of enchant armour {unknown}
 u - 4 scrolls of noise {unknown}
 v - a scroll of amnesia {unknown}
Potions
 d - a potion of might
 e - 2 potions of magic {unknown}
 m - 2 potions of curing {unknown}
 w - a potion of berserk rage {unknown}
Comestibles
 f - 6 rations


   Skills:
 + Level 5.6 Fighting
 + Level 6.4 Long Blades
 + Level 5.4 Armour
 + Level 2.0 Dodging
 + Level 0.2 Stealth
 + Level 5.3 Shields


You had 6 spell levels left.
You didn't know any spells.
Your spell library was empty.

Dungeon Overview and Level Annotations

Branches:
Dungeon (5/15)             Temple (0/1) D:4

Altars:
Dithmenos
Fedhas
Kikubaaqudgha
Nemelex Xobeh
Okawaru
Uskayaw
Wu Jian

Shops:
D:5 (

Annotations:
D:2 exclusion: oklob plant


Innate Abilities, Weirdness & Mutations

You reflexively headbutt those who attack you in melee.
You have a pair of horns on your head.


Message History

You closely miss something.
The orc priest invokes the aid of Beogh against you.
Beogh smites you!
You hear some strange, mumbled words.
A magic dart appears from out of thin air!
The magic dart hits you!
Your unstable footing causes you to fumble your attack.
You hear some strange, mumbled words.
A puff of flame appears from out of thin air!
The puff of flame hits you! The fire burns you terribly!
* * * LOW HITPOINT WARNING * * *
An orc comes into view.
You closely miss something.
You are engulfed in a cloud of scalding steam.
* * * LOW HITPOINT WARNING * * *
Something hits you but does no damage.
The orc priest looks satisfied for a moment.
You miss something.
You are engulfed in a cloud of scalding steam.
You die...

>..........
#.........
##........
.....o..
#.#...o.
#.≈≈≈oo#
#o# #{#
#≈###@##
#≈≈≈≈≈.##
######..#
.# ##.# #.#
#.### #..
#...## ..
###..# .#
###.##.#
#......#


You could see 3 orc priests and 2 orcs.

Vanquished Creatures
  2 scorpions (D:4)
  2 howler monkeys
  A crimson imp (D:3)
  2 orc priests (D:4)
  A bullfrog skeleton (D:4)
  2 centaur skeletons (D:4)
  An iguana (D:5)
  Ijyb (D:4)
  3 worker ants (D:4)
  Robin (D:4)
  A howler monkey skeleton (D:4)
  6 adders
  An ooze (D:3)
  3 worms (D:3)
  3 dart slugs
  3 leopard geckos
  11 orcs
  A ball python (D:1)
  2 giant cockroaches
  16 goblins
  10 hobgoblins
  7 jackals
  7 bats
  6 frilled lizards
  6 kobolds
  A leopard gecko skeleton (D:4)
  10 rats
110 creatures vanquished.

Notes
Turn   | Place    | Note
-------+----------+-------------------------------------------
     0 | D:1      | Peloso the Minotaur Fighter began the quest for the Orb.
     0 | D:1      | Reached XP level 1. HP: 19/19 MP: 0/0
   224 | D:1      | Reached XP level 2. HP: 27/27 MP: 1/1
   429 | D:1      | Reached skill level 3 in Long Blades
   801 | D:2      | Reached XP level 3. HP: 28/33 MP: 2/2
   808 | D:2      | Found a sparkling altar of Nemelex Xobeh.
   812 | D:2      | Found a hide-covered altar of Uskayaw.
   820 | D:2      | Found an iron altar of Okawaru.
   828 | D:2      | Became a worshipper of Warmaster Okawaru
   887 | D:2      | Found an ornate altar of the Wu Jian Council.
   967 | D:2      | Found a blossoming altar of Fedhas.
   993 | D:2      | Noticed an oklob plant
  1069 | D:2      | Found a faded altar of an unknown god.
  1175 | D:2      | Found a shadowy altar of Dithmenos.
  1485 | D:3      | Reached XP level 4. HP: 40/41 MP: 3/3
  1558 | D:3      | Reached skill level 4 in Long Blades
  1619 | D:3      | Reached XP level 5. HP: 47/47 MP: 4/4
  1740 | D:3      | Reached * piety under Okawaru
  2154 | D:4      | Found a staircase to the Ecumenical Temple.
  2157 | D:4      | Reached skill level 5 in Long Blades
  2157 | D:4      | Reached skill level 1 in Dodging
  2167 | D:4      | Reached XP level 6. HP: 31/55 MP: 5/5
  2602 | D:4      | Reached skill level 5 in Armour
  2619 | D:4      | Noticed Robin
  2625 | D:4      | Killed Robin
  2695 | D:4      | Reached ** piety under Okawaru
  2703 | D:4      | Reached skill level 5 in Fighting
  2740 | D:4      | Noticed Ijyb
  2750 | D:4      | Killed Ijyb
  2750 | D:4      | Reached skill level 5 in Shields
  2852 | D:4      | Reached XP level 7. HP: 57/61 MP: 6/6
  2878 | D:4      | Reached skill level 6 in Long Blades
  2954 | D:4      | Found an ancient bone altar of Kikubaaqudgha.
  3213 | D:5      | Entered Level 5 of the Dungeon
  3213 | D:5      | Found Joutaf's Antique Weapon Shoppe.
  3261 | D:5      | Engulfed by an orc wizard's steam

Skill      XL: |  1  2  3  4  5  6  7 |
---------------+----------------------+-----
Fighting       | 4 5 |  5.6
Long Blades    | 3 4 5 6 |  6.4
Armour         | 4 5 |  5.4
Shields        | 4 5 |  5.3
Dodging        | 1 2 |  2.0
Stealth        | |  0.2

Action                   |  1- 3 |  4- 6 |  7- 9 || total
-------------------------+-------+-------+-------++-------
Melee: Long sword        |    83 |   131 |    57 ||   271
       Headbutt          |    14 |    27 |     6 ||    47
  Use: Potion            |       |       |     1 ||     1
  Eat: Chunk             |     1 |    22 |     1 ||    24
Armor: Scale mail        |    36 |    29 |     4 ||    69
       Chain mail        |       |       |    10 ||    10
Dodge: Dodged            |    30 |    68 |    22 ||   120
Block: Shield            |    38 |    48 |    30 ||   116
       Rpst.: Long sword |     9 |    24 |     6 ||    39
